 Dungeon Crawl Stone Soup version 0.28-a0-906-g0406aca7d3 (webtiles) character file.

Game seed: 15444508388372128843

4 bande the Skirmisher (level 1, -2/14 HPs)
             Began as a Gargoyle Fighter on Nov 24, 2021.
             Slain by a gnoll (3 damage)
             ... on level 1 of the Dungeon.
             The game lasted 00:00:28 (173 turns).

bande the Skirmisher (Gargoyle Fighter)              Turns: 173, Time: 00:00:29

Health: -2/14      AC:  9    Str: 19    XL:     1   Next: 60%
Magic:  1/1        EV:  9    Int:  8    God:
Gold:   0          SH:  4    Dex:  9    Spells: 0/0 levels left

rFire   . . .      SeeInvis .   a - +0 war axe
rCold   . . .      Faith    .   c - +0 buckler
rNeg    + . .      Spirit   .   b - +0 scale mail
rPois   ∞          Reflect  .   (no helmet)
rElec   +          Harm     .   (no cloak)
rCorr   .          Rampage  .   (no gloves)
Will    .....                   (no boots)
Stlth   ..........              (no amulet)
HPRegen 0.04/turn               (no ring)
MPRegen 0.07/turn               (no ring)

@: no status effects
A: sickness immunity, AC +2, negative energy resistance 1, electricity
resistance, torment resistance 1, petrification resistance
a: no special abilities


You were on level 1 of the Dungeon.
You visited 1 branch of the dungeon, and saw 2 of its levels.

Inventory:

Hand Weapons
 a - a +0 war axe (weapon)
Armour
 b - a +0 scale mail (worn)
 c - a +0 buckler (worn)
Potions
 d - a potion of might


   Skills:
 + Level 3.4 Fighting
 + Level 1.8 Axes
 + Level 3.3 Armour
 + Level 3.3 Shields


You couldn't memorise any spells.
You didn't know any spells.
Your spell library was empty.

Dungeon Overview and Level Annotations

Branches:
Dungeon (2/15)

Altars:


Innate Abilities, Weirdness & Mutations

You are immune to sickness and miasma.
Your stone body is resilient. (AC +2)
You are immune to poison.
You resist negative energy. (rN+)
You are resistant to electric shocks. (rElec)
You are resistant to unholy torment.
You are immune to petrification.


Message History

You hit the kobold.
You kill the kobold!
No target in view!
No target in view!
No target in view!
No target in view!
No target in view!
Things that are here:
a +1 dagger of venom; a kobold corpse A gnoll comes into view.
It is wielding a +0 club.
The gnoll shouts!
A gnoll comes into view. It is wielding a +0 flail.
The gnoll moves out of view.
A gnoll is nearby!
Found a stone staircase leading up.
The gnoll hits you with a +0 flail.
You barely miss the gnoll. You barely miss the gnoll.
A gnoll comes into view. It is wielding a +0 spear.
The gnoll barely misses you. The gnoll hits you with a +0 flail.
The gnoll barely misses you.
You are too injured to fight recklessly!
You are too injured to fight recklessly!
You are too injured to fight recklessly!
You are too injured to fight recklessly!
You are too injured to fight recklessly!
You are too injured to fight recklessly!
You are too injured to fight recklessly!
You are too injured to fight recklessly!
Unknown command.
Found a scroll labelled HAEMIN EFOZUGU.
Found 7 stones.
There is a stone staircase leading up here.
The gnoll hits you with a +0 flail.
* * * LOW HITPOINT WARNING * * *
You climb upwards.
There is a stone staircase leading down here.
You slash the gnoll!
The gnoll is almost dead.
The gnoll hits you with a +0 flail.
You die...

#
#####....
#@.......
#g###....
#.. .
#...
#....
#...r.
#......
#.......


You could see a gnoll and a rat.

Vanquished Creatures
  A ball python (D:2)
  An endoplasm (D:2)
  A bat (D:1)
  A kobold (D:2)
4 creatures vanquished.

Notes
Turn   | Place    | Note
-------+----------+-------------------------------------------
     0 | D:1      | bande the Gargoyle Fighter began the quest for the Orb.
     0 | D:1      | Reached XP level 1. HP: 14/14 MP: 1/1
    46 | D:1      | You fall into a shaft and drop 1 floor!
   173 | D:1      | Slain by a gnoll

Illustrated notes

Levels and vault maps discovered:
D:1:      dpeg_arrival_castle, layout_basic, minmay_split_cup_large
D:2:      layout_loops_ring, shapermc_ecumenical_altar_starsandcircs,
          uniq_natasha

Action                   || total
-------------------------++-------
Melee: War axe           ||    21
Armor: Scale mail        ||    14
Dodge: Dodged            ||    11
Block: Buckler           ||     4

Table legend: (Time is in decaauts)
 A = Elapsed time spent in this place.
 B = Non-inter-level travel time spent in this place.
 C = Inter-level travel time spent in this place.
 D = Time resting spent in this place.
 E = Time spent auto-exploring this place.
 F = Levels seen in this place.
 G = Mean time per level.
                   A        B        C        D        E       F      G
               +--------+--------+--------+--------+--------+-----+--------+
         Total |    184 |    184 |      0 |      0 |    115 |   2 |   92.0 |
       Dungeon |    184 |    184 |      0 |      0 |    115 |   2 |   92.0 |
               +--------+--------+--------+--------+--------+-----+--------+

Top non-repeatable levels by time:
     D:2: 130 daAuts
     D:1: 53 daAuts
